 Dungeon Crawl Stone Soup version 0.31-a0-876-gfe8ebadbca (webtiles) character file.

Game seed: 16244833037443263583

354 ICC the Shooter (level 6, -11/30 HPs)
             Began as a Vine Stalker Hunter on Oct 13, 2023.
             Mangled by an ogre
             ... wielding a +0 giant club
              (16 damage)
             ... on level 4 of the Dungeon.
             The game lasted 00:10:47 (2992 turns).

ICC the Shooter (Vine Stalker Hunter)               Turns: 2992, Time: 00:10:48

Health: -11/30     AC:  9    Str: 12    XL:     6   Next: 63%
Magic:  0/11       EV:  9    Int: 13    God:
Gold:   145        SH:  0    Dex: 19    Spells: 11/11 levels left

rFire   . . .        w - +1 dagger (freeze)
rCold   . . .        (no shield)
rNeg    . . .        l - +0 scale mail
rPois   .            e - +0 helmet
rElec   .            g - +1 cloak
rCorr   .            (no gloves)
SInv    .            (no boots)
Will    .....        (no amulet)
Stlth   +            (no ring)
HPRegen 1.05/turn    (no ring)
MPRegen 0.12/turn

%: guardian spirit
@: no status effects
A: fangs 2, regeneration 1, magic shield, antimagic bite, no potion heal 2,
clever 1, low MP 1
a: no special abilities


You were on level 4 of the Dungeon.
You visited 1 branch of the dungeon, and saw 4 of its levels.

You collected 145 gold pieces.

Inventory:

Hand Weapons
 d - a +3 quarterstaff of chaos
 q - a +0 orcbow
 w - a +1 dagger of freezing (weapon)
Armour
 e - a +0 helmet (worn)
 g - a +1 cloak (worn)
 l - a +0 scale mail (worn)
Wands
 o - a wand of polymorph (2)
Scrolls
 a - a scroll of noise {unknown}
 b - a scroll of butterflies
 h - 2 scrolls of revelation {unknown}
 i - 4 scrolls of teleportation
 k - a scroll of blinking {unknown}
 m - 3 scrolls of identify {unknown}
 n - a scroll of poison {unknown}
 p - a scroll of brand weapon {unknown}
Potions
 f - 2 potions of mutation


   Skills:
 - Level 2.0 Fighting
 + Level 3.1 Short Blades
 - Level 4.0 Ranged Weapons
 - Level 2.0 Armour
 - Level 2.0 Dodging
 - Level 2.0 Stealth
 + Level 3.4 Spellcasting


You had 11 spell levels left.
You didn't know any spells.
Your spell library contained the following spells:

 Spells                   Type           Power      Damage    Failure   Level
 Blink                    Tloc           4%         N/A       86%         2
 Sublimation of Blood     Necr           2%         N/A       86%         2
 Wereblood                Tmut           2%         N/A       86%         2
 Manifold Assault         Tloc           2%         N/A       100%        4
 Summon Hydra             Summ           1%         N/A       100%        7


Dungeon Overview and Level Annotations

Branches:
Dungeon (4/15) Zot: 20952
 Temple: D:4-7

Altars:
Elyvilon
Hepliaklqana
Yredelemnul
Zin
The Shining One

Shops:
D:1 :


Innate Abilities, Weirdness & Mutations

You have extremely sharp teeth.
Your natural rate of healing is unusually fast.
When hurt, damage is shared between your health and your magic reserves.
Your bite disrupts and absorbs the magic of your enemies.
Potions cannot restore your health.
Your mind is acute. (Int +4, Str/Dex -1)
Your magical capacity is low. (-10% MP)


Message History

HP restored.
m - 3 scrolls labelled GEUPPO SIRGH (gained 1)
Found a falchion.
You see here a +0 falchion.
You see here a +0 chain mail.
You open the door.
There is an open door here.
You open the door.
A ball python and a giant cockroach come into view.
Found a leather armour, a robe, 4 stones and a fizzy orange potion.
You shoot an arrow. The arrow hits the ball python!
You kill the ball python!
You hear a shout!
A worm comes into view.
You shoot an arrow. The arrow hits the worm.
The worm is moderately wounded.
An ogre comes into view. It is wielding a +0 giant club.
You shoot an arrow. The arrow hits the ogre!
The ogre is heavily wounded.
The ogre hits you with a +0 giant club!
Okay, then.
Fire: q) +0 orcbow
Press: ? - help, Q - select action, (/) - cycle Shift-Dir - straight line, f/p - ogre
Aim: an ogre, wielding a +0 giant club (heavily wounded, 73% to hit)
You shoot an arrow. The arrow hits the ogre.
The ogre is heavily wounded.
The ogre hits you with a +0 giant club!
* * * LOW HITPOINT WARNING * * *
Your +1 dagger of freezing glows with a cold blue light!
w - a +1 dagger of freezing (weapon)
You hit the ogre. You freeze the ogre. You bite the ogre. You drain its power.
You feel invigorated.
The ogre is severely wounded.
The ogre hits you with a +0 giant club!
* * * LOW HITPOINT WARNING * * *
You hit the ogre. You freeze the ogre. You bite the ogre, but do no damage.
The ogre is almost dead.
The ogre hits you with a +0 giant club!!
Ouch! That really hurt!
You die...

#.# ##.+ ...#
###+ ### #.#
...# #.... #.##
#.# ...#
#..!..#..## #.#
...#
+.[.[wO@..###.#
...###
#..(.B#....##.#
...#.## #....
#.....#.#
##.#..## ###+
##....#.#
#.'...##
##...'.#
#.#....##
##..#.#
#.#.....##
##.#.#
##.##.....##
###.#
...###.....#
##.#


You could see an ogre, a worm and a giant cockroach.

Vanquished Creatures
  A human (D:3)
  A scorpion (D:4)
  Crazy Yiuf (D:3)
  Jessica (D:2)
  Terence (D:2)
  3 adders
  A worm (D:4)
  6 orcs
  3 ball pythons
  3 bats
  6 endoplasms
  5 giant cockroaches
  6 hobgoblins
  2 jackals (D:1)
  A quokka (D:1)
  3 frilled lizards
  3 goblins
  A jackal zombie (D:3)
  5 kobolds
  A kobold skeleton (D:3)
  5 rats
59 creatures vanquished.

Notes
Turn   | Place    | Note
-------+----------+-------------------------------------------
     0 | D:1      | ICC the Vine Stalker Hunter began the quest for the Orb.
     0 | D:1      | Reached XP level 1. HP: 11/11 MP: 2/2
   153 | D:1      | Found Wiasisch's Book Boutique.
   267 | D:1      | Reached XP level 2. HP: 15/15 MP: 3/3
   288 | D:1      | Found a faded altar of an unknown god.
  1031 | D:2      | Noticed Terence
  1058 | D:2      | Reached XP level 3. HP: 18/18 MP: 5/5
  1072 | D:2      | Noticed Jessica
  1081 | D:2      | Killed Jessica
  1082 | D:2      | Reached skill level 4 in Ranged Weapons
  1082 | D:2      | Reached skill level 1 in Spellcasting
  1115 | D:2      | Reached skill level 1 in Armour
  1179 | D:2      | Reached XP level 4. HP: 23/23 MP: 5/7
  1388 | D:2      | Killed Terence
  1389 | D:2      | Reached skill level 1 in Short Blades
  1818 | D:3      | Found a hazy altar of Hepliaklqana.
  1962 | D:3      | Reached XP level 5. HP: 26/26 MP: 7/9
  2004 | D:3      | Found a runed translucent door.
  2005 | D:3      | Noticed Crazy Yiuf
  2175 | D:3      | Found a runed translucent door.
  2175 | D:3      | Noticed a human
  2178 | D:3      | Found a basalt altar of Yredelemnul.
  2211 | D:3      | Killed a human
  2212 | D:3      | Reached XP level 6. HP: 30/30 MP: 7/11
  2290 | D:3      | Found a glowing silver altar of Zin.
  2291 | D:3      | Found a white marble altar of Elyvilon.
  2292 | D:3      | Found a glowing golden altar of the Shining One.
  2558 | D:3      | Gained mutation: Your magical capacity is low. (-10% MP)
                  | [potion of mutation]
  2558 | D:3      | Gained mutation: Your mind is acute. (Int +4, Str/Dex -1)
                  | [potion of mutation]
  2567 | D:3      | Killed Crazy Yiuf
  2992 | D:4      | Mangled by an ogre

Illustrated notes

Levels and vault maps discovered:
D:1:      sevenhm_arrival_forest_fort_large_2, layout_loops_corners,
          serial_shops, shop, shapermc_ecumenical_altar_mp_ritualfount
D:2:      layout_basic, uniq_jessica, uniq_terence
D:3:      layout_loops_ring, good_gods_temple_1,
          mainiacjoe_overflow_surrounded_room, dk_yredelemnul_ordeal,
          uniq_crazy_yiuf_cottage
D:4:      layout_basic, nicolae_ru_the_path_less_chosen, kennysheep_donut,
          minmay_quadrilaterals

Skill      XL: |  1  2  3  4  5  6 |
---------------+-------------------+-----
Fighting       | 2 |  2.0
Ranged Weapons | 4 |  4.0
Dodging        | 2 |  2.0
Stealth        | 2 |  2.0
Spellcasting   | 1 2 3 |  3.4
Armour         | 1 2 |  2.0
Short Blades   | 1 2 3 |  3.1

Action                     |  1- 3 |  4- 6 || total
---------------------------+-------+-------++-------
  Melee: Dagger            |     3 |    66 ||    69
         Bite              |     1 |    16 ||    17
         Punch             |       |     1 ||     1
   Fire: Shortbow          |    88 |    44 ||   132
         Orcbow            |       |    28 ||    28
    Use: Scroll            |       |     1 ||     1
         Potion            |       |     4 ||     4
 Armour: Leather armour    |    23 |       ||    23
         Ring mail         |       |    15 ||    15
         Scale mail        |       |    42 ||    42
  Dodge: Dodged            |    24 |    43 ||    67

Table legend: (Time is in decaauts)
 A = Elapsed time spent in this place.
 B = Non-inter-level travel time spent in this place.
 C = Inter-level travel time spent in this place.
 D = Time resting spent in this place.
 E = Time spent auto-exploring this place.
 F = Levels seen in this place.
 G = Mean time per level.
                   A        B        C        D        E       F      G
               +--------+--------+--------+--------+--------+-----+--------+
         Total |   3046 |   2905 |    141 |      0 |   2344 |   4 |  761.5 |
       Dungeon |   3046 |   2905 |    141 |      0 |   2344 |   4 |  761.5 |
               +--------+--------+--------+--------+--------+-----+--------+

Top non-repeatable levels by time:
     D:1: 979 daAuts
     D:3: 889 daAuts
     D:2: 850 daAuts
     D:4: 327 daAuts
